AoeStats
← hvon2749

Arabia

507865276Analyzed
1v1 RM · 13d ago on Sep 20, 2026· 47m 30s· 2 players
Game mode
Random Map
Map size
Tiny (2 player)
Population
200
Speed
Normal
Resources
Standard
Victory
Conquest
Starting age
Dark Age
Ending age
Imperial Age
RankedLock teamsTeams togetherTeam positionsShared explorationLock speedFull tech treeHidden civsTurbo modeCheats
Victory
Defeat
🇺🇸 Byzantines · United States
554
+13
🇪🇨 Turks · Ecuador
481
-13
batule88
5:05 Loom
10:21 Feudal Age
10:54 Double-Bit Axe
11:46 Man-at-Arms
12:53 Gold Mining
13:22 Arson
15:09 Horse Collar
20:59 Wheelbarrow
20:11 Town Watch
26:36 Stone Mining
29:26 Castle Age
29:49 Crossbowman
32:36 Long Swordsman
45:07 Imperial Age
44:14 Gold Shaft Mining
hvon2749
12:27 Feudal Age
13:09 Double-Bit Axe
13:10 Horse Collar
17:42 Forging
17:33 Scale Mail Armor
23:07 Wheelbarrow
27:00 Castle Age
25:43 Fletching
25:54 Padded Archer Armor
26:16 Stone Mining
26:17 Gold Mining
28:04 Elite Skirmisher
28:09 Pikeman
28:50 Squires
28:36 Gambesons
29:21 Bodkin Arrow
30:40 Thumb Ring
35:06 Hand Cart
36:47 Leather Archer Armor
44:15 Imperial Age
44:20 Elite Cataphract
45:39 Logistica
45:58 Bow Saw
Connection lost

Rejoining the realm…

Still unreachable

The connection could not be restored.

Session expired

The server has moved on; the page needs a fresh start.